 Dungeon Crawl Stone Soup version 0.22.0-49-gab54619674 (webtiles) character file.

3544 IceCat the Cleaver (level 10, 0/115 HPs)
             Began as a Hill Orc Fighter on Sept 4, 2018.
             Was a High Priest of Jiyva.
             Slain by a thrashing horror (1 damage)
             ... on level 1 of the Abyss.
             The game lasted 00:24:46 (6843 turns).

IceCat the Cleaver (Hill Orc Fighter)               Turns: 6843, Time: 00:24:47

Health: 0/115      AC: 15    Str: 23    XL:     10   Next: 9%
Magic:  7/7        EV:  7    Int:  7    God:    Jiyva [*****.]
Gold:   452        SH: 10    Dex:  6    Spells: 9/9 levels left

rFire    . . .     SeeInvis .   H - +5 war axe
rCold    . . .     Gourm    .   c - +0 shield
rNeg     . . .     Faith    +   o - +0 chain mail
rPois    .         Spirit   .   s - +1 helmet
rElec    .         Reflect  .   t - +0 cloak
rCorr    +         Harm     .   (no gloves)
MR       .....     Rnd*Rage +   (no boots) Stlth ..........Rnd*Tele +
                                i - amulet of faith
HPRegen  0.00/turn              x - ring of stealth
MPRegen  0.10/turn              (no ring)

@: berserking, about to teleport, hasted, drained, very quick
A: [berserk 2], [clumsy 2], dopey 1, [frail 2], [low mp 3], robust 1, inhibited
regeneration, [teleportitis 2], [weak 2], gelatinous body 1, [subdued magic 2]
a: Request Jelly, Slimify, Cure Bad Mutation, Renounce Religion


You were on level 1 of the Abyss.
You worshipped Jiyva.
Jiyva was extremely pleased with you.
You were completely stuffed.

You visited 1 branch of the dungeon, and saw 8 of its levels.
You visited the Abyss 1 time.

You collected 452 gold pieces.

Inventory:

Hand Weapons
 H - a +5 war axe (weapon)
Armour
 b - a +0 scale mail
 c - a +0 shield (worn)
 d - the +3 hat of Pondering {ponderous, MR+ MP+10 Int+5}
   (You took it off Gastronok on level 8 of the Dungeon)

   It affects your intelligence (+5).
   It affects your resistance to hostile enchantments.
   It affects your magic capacity (+10).
 o - a +0 chain mail (worn)
 s - a +1 helmet (worn)
 t - a +0 cloak (worn)
 y - a +0 plate armour
Jewellery
 a - the ring of Plog {*Slow +Inv rElec MR++ SInv, unknown}
   (You acquired it on level 1 of the Abyss)

   [ring of see invisible]

   It insulates you from electricity.
   It affects your resistance to hostile enchantments.
   It lets you see invisible.
   It lets you turn invisible.
   It may slow you when you take damage.
 i - an amulet of faith (around neck)
 x - a ring of stealth (left hand)
Wands
 v - a wand of flame (9)
Scrolls
 e - 3 scrolls of identify
 g - 3 scrolls of teleportation
 j - 2 scrolls of magic mapping
 k - 2 scrolls of amnesia
 l - a scroll of enchant armour
 n - 2 scrolls of fog
 r - 4 scrolls of enchant weapon
 z - a scroll of fear {unknown}
 D - a scroll of brand weapon
 G - a scroll of remove curse
Potions
 h - 4 potions of curing
 m - a potion of resistance
 q - 2 potions of lignification
 u - 2 potions of flight
 w - 2 potions of heal wounds
 B - 2 potions of mutation
 C - a potion of agility
 E - 2 potions of degeneration
Comestibles
 f - 10 rations


   Skills:
 + Level 7.4(6.3) Fighting
 + Level 11.6(10.3) Axes
 + Level 7.8(6.7) Armour
 + Level 1.6(0.7) Dodging
 + Level 1.0(0.1) Stealth
 + Level 7.9(6.8) Shields


You had 9 spell levels left.
You didn't know any spells.
Your spell library contained the following spells:

 Spells                   Type           Power        Failure   Level  Hunger
 Beastly Appendage        Tmut           #.....       100%        1    ##.....
 Confusing Touch          Hex            #.....       100%        1    ##.....
 Infusion                 Chrm           #...         100%        1    ##.....
 Magic Dart               Conj           #...         100%        1    ##.....
 Blink                    Tloc           N/A          100%        2    ###....
 Call Imp                 Summ           #.......     100%        2    ###....
 Shroud of Golubria       Chrm/Tloc      #.........   100%        2    ###....
 Slow                     Hex            #.......     100%        2    ###....
 Song of Slaying          Chrm           #.......     100%        2    ###....
 Sticks to Snakes         Tmut           #.......     100%        2    ###....
 Confuse                  Hex            #.......     100%        3    ####...
 Conjure Flame            Conj/Fire      #.......     100%        3    ####...
 Gell's Gravitas          Tloc           #.........   100%        3    ####...
 Mephitic Cloud           Conj/Pois/Air  #.......     100%        3    ####...
 Regeneration             Chrm/Necr      #.........   100%        3    ####...
 Spectral Weapon          Hex/Chrm       #.......     100%        3    ####...
 Spider Form              Tmut/Pois      #.........   100%        3    ####...
 Ice Form                 Ice/Tmut       #.......     100%        4    #####..
 Petrify                  Tmut/Erth      #.......     100%        4    #####..
 Blade Hands              Tmut           #.........   100%        5    ######.
 Metabolic Englaciation   Hex/Ice        #.........   100%        5    ######.
 Yara's Violent Unravell  Hex/Tmut       #.........   100%        5    ######.


Dungeon Overview and Level Annotations

Branches:
Dungeon (8/15)             Temple (0/1) D:7
   Lair: D:8-11

Altars:
Trog
Jiyva

Shops:
D:4 }

Annotations:
D:8 Psyche


Innate Abilities, Weirdness & Mutations

You are dopey. (Int -2)
You are robust. (+10% HP)
You do not regenerate when monsters are visible.
Your rubbery body absorbs attacks. (AC +1, EV +1)
[You often lose your temper in combat.]
[You are very clumsy. (Dex -4)]
[You are very frail. (-20% HP)]
[Your magical capacity is extremely low. (-30% MP)]
[You are sometimes teleported next to monsters.]
[You are very weak. (Str -4)]
[Your spells are easier to cast, but less powerful.]


Message History

You hold your ground!
The thrashing horror tramples you!
* * * LOW HITPOINT WARNING * * *
You hold your ground!
The thrashing horror tramples you.
* * * LOW HITPOINT WARNING * * *
You hold your ground!
You block the small abomination's attack.
A red film seems to cover your vision as you go berserk!
You feel yourself moving faster!
You feel mighty!
You slice the thrashing horror!!
The thrashing horror is severely damaged.
You slice the small abomination!!
The wretched star pulses with an eldritch light!
You feel frail. x2
You block the thrashing horror's attack. x2
You barely miss the thrashing horror.
The thrashing horror is severely damaged.
Your chain mail prevents you from hitting the small abomination.
The thrashing horror tramples you but does no damage.
The thrashing horror tramples you.
You die...

##.##..G.
. .
#...... ##
# # #.
.###.. # #
.# #. ##
####... ..
.....
#.........
....
#4#####.##
##. .
#X#####.#
.
#@x*d...#
..
#########


You could see a black draconian, a wretched star, a thrashing horror, an ice
devil and a small abomination.

Vanquished Creatures
  Gastronok (D:8)
  Prince Ribbit (D:6)
  Grum (D:8)
  A hungry ghost (D:7)
  An ice beast (D:6)
  A black bear (D:8)
  A necrophage (D:7)
  A sky beast (D:7)
  A phantom (D:4)
  An ogre (D:5)
  A wolf (D:7)
  A bullfrog (D:8)
  Blork the orc (D:5)
  A scorpion (D:7)
  4 wights
  2 howler monkeys
  A hound (D:7)
  A quasit (D:7)
  A crimson imp (D:5)
  An orc priest (D:4)
  An iguana (D:4)
  5 orc wizards
  4 worker ants
  A hound skeleton (D:5)
  8 adders
  7 worms
  5 dart slugs
  2 leopard geckos
  16 orcs
  4 giant cockroaches
  9 goblins
  7 hobgoblins (D:1)
  2 jackals (D:1)
  2 quokkas
  3 ball pythons
  9 bats
  6 frilled lizards
  7 kobolds
  A quokka skeleton (D:7)
  9 rats
132 creatures vanquished.

Vanquished Creatures (others)
  Sigmund (D:5)
  Duvessa (D:5)
  2 wolves (D:8)
  Dowan (D:5)
  3 scorpions
  6 wights
  16 jellies
  An orc priest (D:4)
  A centaur skeleton (D:6)
  A hound (D:7)
  2 orc wizards (D:4)
  Ijyb (D:5)
  2 iguanas (D:4)
  2 worker ants
  A hound skeleton (D:5)
  A worker ant zombie (D:5)
  An adder (D:4)
  An ooze (D:5)
  An adder skeleton (D:4)
  5 orcs (D:4)
  4 jackals (D:4)
54 creatures vanquished.

Grand Total: 186 creatures vanquished

Notes
Turn   | Place    | Note
-------+----------+-------------------------------------------
     0 | D:1      | IceCat the Hill Orc Fighter began the quest for the Orb.
     0 | D:1      | Reached XP level 1. HP: 19/19 MP: 1/1
    31 | D:1      | Reached XP level 2. HP: 27/27 MP: 2/2
    70 | D:1      | Reached skill level 3 in Axes
   320 | D:1      | Reached XP level 3. HP: 29/33 MP: 3/3
   763 | D:2      | Reached XP level 4. HP: 36/40 MP: 4/4
   825 | D:2      | Reached skill level 4 in Axes
   831 | D:2      | Reached XP level 5. HP: 32/47 MP: 5/5
  1224 | D:3      | Reached skill level 5 in Axes
  1620 | D:3      | Found a faded altar of an unknown god.
  1882 | D:3      | Became a worshipper of Jiyva Jeogeiko the Shapeless
  1882 | D:3      | Reached * piety under Jiyva
  1928 | D:4      | Noticed a phantom
  1942 | D:4      | Reached XP level 6. HP: 40/53 MP: 6/6
  1973 | D:4      | Killed a phantom
  2272 | D:4      | HP: 2/53 [orc wizard/magic dart (6)]
  2273 | D:4      | Reached skill level 6 in Axes
  2291 | D:4      | Reached ** piety under Jiyva
  2571 | D:4      | Found Eseg's Gadget Boutique.
  2593 | D:4      | Reached skill level 1 in Dodging
  2955 | D:4      | Reached XP level 7. HP: 10/60 MP: 7/7
  3245 | D:4      | Reached skill level 5 in Shields
  3324 | D:5      | Entered Level 5 of the Dungeon
  3330 | D:5      | Reached skill level 5 in Fighting
  3505 | D:5      | Killed Ijyb
  3506 | D:5      | Reached *** piety under Jiyva
  3506 | D:5      | Gained mutation: You do not regenerate when monsters are
                  | visible. [Jiyva's grace]
  3517 | D:5      | Found a bloodstained altar of Trog.
  3568 | D:5      | Killed Duvessa
  3609 | D:5      | Noticed Blork the orc
  3783 | D:5      | Reached skill level 5 in Armour
  3818 | D:5      | Killed Dowan
  3852 | D:5      | Killed Blork the orc
  3913 | D:5      | Noticed Sigmund
  3996 | D:5      | Killed Sigmund
  4488 | D:6      | Reached skill level 7 in Axes
  4573 | D:6      | Gained mutation: Your rubbery body absorbs attacks. (AC +1,
                  | EV +1) [Jiyva's grace]
  4573 | D:6      | Reached **** piety under Jiyva
  4816 | D:6      | Noticed Prince Ribbit
  4824 | D:6      | Killed Prince Ribbit
  4824 | D:6      | Reached XP level 8. HP: 49/69 MP: 8/8
  5476 | D:7      | Found a staircase to the Ecumenical Temple.
  5482 | D:7      | Reached skill level 8 in Axes
  5528 | D:7      | Gained mutation: You are resistant to hostile enchantments.
                  | (MR+) [Jiyva's grace]
  5603 | D:7      | Reached ***** piety under Jiyva
  5670 | D:7      | Lost mutation: You are resistant to hostile enchantments.
                  | (MR+) [Jiyva's grace]
  6044 | D:8      | Got a smoking falchion
  6045 | D:8      | Identified the cursed +1 falchion of Pyr Vadgh {antimagic,
                  | +Blink MR+ Dex-5} (You found it on level 8 of the Dungeon)
  6052 | D:8      | Noticed a hippogriff
  6065 | D:8      | Noticed Grum
  6089 | D:8      | Noticed Gastronok
  6132 | D:7      | Reached skill level 9 in Axes
  6299 | D:8      | Killed Grum
  6299 | D:8      | Reached XP level 9. HP: 70/75 MP: 9/9
  6315 | D:8      | Killed Gastronok
  6315 | D:8      | Reached skill level 11 in Axes
  6315 | D:8      | Reached XP level 10. HP: 73/86 MP: 10/10
  6369 | D:8      | Reached skill level 1 in Stealth
  6527 | D:8      | Gained mutation: You are robust. (+10% HP) [Jiyva's grace]
  6663 | D:8      | Gained mutation: You are dopey. (Int -2) [Jiyva's grace]
  6716 | D:8      | Noticed Psyche
  6717 | D:8      | Cast into level 1 of the Abyss (Psyche)
  6780 | Abyss:1  | Noticed a wretched star
  6787 | Abyss:1  | Noticed a thrashing horror
  6792 | Abyss:1  | Found a deep blue altar of Sif Muna.
  6820 | Abyss:1  | Noticed a black draconian
  6836 | Abyss:1  | Identified a scroll of acquirement
  6837 | Abyss:1  | Got a clouded jade ring
  6841 | Abyss:1  | HP: 2/94 [thrashing horror (7)]
  6843 | Abyss:1  | Slain by a thrashing horror

Skill      XL: |  1  2  3  4  5  6  7  8  9 10 |
---------------+-------------------------------+-----
Axes           | 3 4 5 6 7 9 11 | 11.6
Fighting       | 4 5 6 7 |  7.4
Shields        | 4 5 6 7 |  7.9
Armour         | 4 5 6 7 |  7.8
Dodging        | 1 |  1.6
Stealth        | 1 |  1.0

Action                   |  1- 3 |  4- 6 |  7- 9 | 10-12 || total
-------------------------+-------+-------+-------+-------++-------
Melee: War axe           |    62 |   195 |   204 |    35 ||   496
       Falchion          |       |       |     3 |       ||     3
Invok: Request Jelly     |       |     1 |     2 |       ||     3
       Cure Bad Mutation |       |       |       |     1 ||     1
  Use: Potion            |       |     3 |     2 |     2 ||     7
       Scroll            |       |       |    10 |     9 ||    19
  Eat: Chunk             |       |     5 |     3 |       ||     8
       Ration            |       |       |     1 |       ||     1
Armor: Scale mail        |    18 |       |       |       ||    18
       Chain mail        |     1 |   128 |   111 |    44 ||   284
Dodge: Dodged            |    25 |    47 |    53 |    25 ||   150
Block: Shield            |    38 |   101 |   112 |    33 ||   284
